 Dungeon Crawl Stone Soup version 0.31-a0-1009-g454b1f1e0a (webtiles) character file.

Game seed: 9740236448756700059

81 Ivernyr the Shield-Bearer (level 4, -4/37 HPs)
             Began as a Formicid Fighter on Nov 15, 2023.
             Slain by an iguana (11 damage)
             ... on level 4 of the Dungeon.
             The game lasted 00:03:38 (2600 turns).

Ivernyr the Shield-Bearer (Formicid Fighter)        Turns: 2600, Time: 00:03:38

Health: -4/37      AC:  7    Str: 22    XL:     4   Next: 67%
Magic:  4/4        EV:  9    Int:  8    God:
Gold:   131        SH:  5    Dex: 13    Spells: 3/3 levels left

rFire   . . .        a - +0 quarterstaff
rCold   . . .        c - +0 buckler
rNeg    . . .        b - +0 scale mail
rPois   .            (helmet unavailable)
rElec   .            (no cloak)
rCorr   .            (no gloves)
SInv    +            (no boots)
Will    .....        (no amulet) Stlth
                     (no ring)
HPRegen 0.26/turn    (no ring)
MPRegen 0.09/turn

%: no passive effects
@: no status effects
A: permanent stasis, dig shafts and tunnels, antennae 3, four strong arms
a: Dig, Shaft Self


You were on level 4 of the Dungeon.
You visited 1 branch of the dungeon, and saw 4 of its levels.

You collected 131 gold pieces.

Inventory:

Hand Weapons
 a - a +0 quarterstaff (weapon)
Armour
 b - a +0 scale mail (worn)
 c - a +0 buckler (worn)
Wands
 l - a wand of paralysis (7)
 n - a wand of roots (5)
Scrolls
 e - a scroll of fear {unknown}
 f - 2 scrolls of teleportation {unknown}
 i - a scroll of blinking {unknown}
 j - 3 scrolls of amnesia {unknown}
 k - a scroll of revelation {unknown}
Potions
 d - 2 potions of might
 g - a potion of resistance {unknown}
 h - a potion of mutation {unknown}
 m - a potion of attraction {unknown}
 o - a potion of invisibility {unknown}
 p - a potion of heal wounds {unknown}


   Skills:
 + Level 3.8 Fighting
 * Level 3.2 Staves
 + Level 3.8 Armour
 + Level 4.7 Shields


You had 3 spell levels left.
You didn't know any spells.
Your spell library contained the following spells:

 Spells                   Type           Power      Damage    Failure   Level
 Scorch                   Fire           0%         2d5       90%         2
 Flame Wave               Conj/Fire      0%         2d4       100%        4
 Summon Cactus Giant      Summ           0%         N/A       100%        6


Dungeon Overview and Level Annotations

Branches:
Dungeon (4/15)
 Temple: D:4-7

Altars:
Xom
The Shining One

Shops:
D:1 [   D:2 =


Innate Abilities, Weirdness & Mutations

You cannot be hasted, slowed, berserked, paralysed or teleported.
You can dig through walls and to a lower floor.
You have a pair of large antennae on your head. (SInv)
Your four strong arms can wield two-handed weapons with a shield.


Message History

You barely miss the iguana.
The iguana is lightly wounded.
The iguana bites you but does no damage.
You barely miss the iguana.
The iguana is lightly wounded.
You block the iguana's attack.
You hit the iguana.
The iguana is moderately wounded.
The iguana completely misses you.
You closely miss the iguana.
The iguana is moderately wounded.
The iguana bites you. You block the iguana's attack.
You hit the iguana.
The iguana is heavily wounded.
The iguana bites you!
You hit the iguana but do no damage.
The iguana is heavily wounded.
The iguana bites you.
You barely miss the iguana.
The iguana is heavily wounded.
You block the iguana's attack.
You hit the iguana but do no damage.
The iguana is heavily wounded.
The iguana barely misses you.
You barely miss the iguana.
The iguana is heavily wounded.
The iguana bites you.
* * * LOW HITPOINT WARNING * * *
The iguana barely misses you.
You barely miss the iguana.
The iguana is heavily wounded.
The iguana bites you.
* * * LOW HITPOINT WARNING * * *
You closely miss the iguana.
The iguana is heavily wounded.
The iguana barely misses you.
You barely miss the iguana.
The iguana is heavily wounded.
The iguana bites you!
You die...

#$.
#.#
#.#
###.#
...#
#..#
#.l#
#.@#
#<.#
#..#
#..#
#...
#.###
#.#
#.#
...


You could see an iguana.

Vanquished Creatures
  2 adders (D:3)
  A gnoll (D:1)
  2 worms (D:3)
  3 dart slugs (D:1)
  An orc (D:3)
  6 ball pythons
  6 bats (D:1)
  3 endoplasms
  A giant cockroach (D:1)
  5 goblins
  4 hobgoblins
  A quokka (D:3)
  A frilled lizard (D:1)
  3 kobolds
39 creatures vanquished.

Notes
Turn   | Place    | Note
-------+----------+-------------------------------------------
     0 | D:1      | Ivernyr the Formicid Fighter began the quest for the Orb.
     0 | D:1      | Reached XP level 1. HP: 18/18 MP: 1/1
   137 | D:1      | Found Moeging's Armour Emporium.
   149 | D:1      | Reached XP level 2. HP: 24/24 MP: 2/2
   526 | D:1      | Reached XP level 3. HP: 29/29 MP: 3/3
   571 | D:1      | Found a faded altar of an unknown god.
  1286 | D:2      | Found Laesauth's Jewellery Boutique.
  1859 | D:3      | Reached XP level 4. HP: 37/37 MP: 4/4
  2244 | D:3      | Found a glowing golden altar of the Shining One.
  2246 | D:3      | Found a shimmering altar of Xom.
  2600 | D:4      | Slain by an iguana

Illustrated notes

Levels and vault maps discovered:
D:1:      dpeg_arrival_signposts, layout_rooms, serial_shops,
          nicolae_shop_just_a_little_nook, serial_co_window_serial,
          co_window_paths_b, co_window_of_opportunity_a, co_window_paths_a,
          co_window_paths_a, co_window_corner_a, co_window_cross_4,
          co_window_broadway_a, co_window_unsneaky_path_a, co_window_2corner,
          co_window_unsneaky_path_e, co_window_unsneaky_path_c,
          co_window_paths_c, co_window_paths_d, glass_columns_b,
          glass_columns_b, ebering_ecumenical_altar_hall, nicolae_grassy_gnolls
D:2:      layout_loops_ring, serial_shops, shop
D:3:      wander_river, layout_basic, mainiacjoe_overflow_catwalk_spiral,
          minmay_misc_feat_chi, grunt_ministairs_15,
          minmay_misc_feat_more_columns
D:4:      layout_loops_ring, serial_demonic, serial_demonic_c, serial_demonic_c,
          serial_demonic_d, serial_demonic_f, minmay_misc_feat_doors

Skill      XL: |  1  2  3  4 |
---------------+-------------+-----
Staves         | 3 |  3.2
Fighting       | |  3.8
Armour         | |  3.8
Shields        | |  4.7

Action                     |  1- 3 |  4- 6 || total
---------------------------+-------+-------++-------
  Melee: Quarterstaff      |    70 |    41 ||   111
 Armour: Scale mail        |    56 |    20 ||    76
  Dodge: Dodged            |    47 |    12 ||    59
  Block: Buckler           |    23 |    10 ||    33

Table legend: (Time is in decaauts)
 A = Elapsed time spent in this place.
 B = Non-inter-level travel time spent in this place.
 C = Inter-level travel time spent in this place.
 D = Time resting spent in this place.
 E = Time spent auto-exploring this place.
 F = Levels seen in this place.
 G = Mean time per level.
                   A        B        C        D        E       F      G
               +--------+--------+--------+--------+--------+-----+--------+
         Total |   2652 |   2561 |     91 |     15 |   2164 |   4 |  663.0 |
       Dungeon |   2652 |   2561 |     91 |     15 |   2164 |   4 |  663.0 |
               +--------+--------+--------+--------+--------+-----+--------+

Top non-repeatable levels by time:
     D:1: 1165 daAuts
     D:3: 805 daAuts
     D:2: 665 daAuts
     D:4: 16 daAuts
